 Dungeon Crawl Stone Soup version 0.32-a0-520-g344ed53f66 (webtiles) character file.

Game seed: 18277187516184441583

103696 sleeves the Brawler (level 15, -8/126 HPs)
             Began as an Armataur Shapeshifter on Feb 27, 2024.
             Was a High Priest of Okawaru.
             Mangled by a culicivora (17 damage)
             ... on level 1 of the Spider Nest.
             The game lasted 01:25:40 (35676 turns).

sleeves the Brawler (Armataur Shapeshifter)        Turns: 35676, Time: 01:25:41

Health: -8/126     AC: 27    Str: 23    XL:     15   Next: 89%
Magic:  21/21      EV:  8    Int: 10    God:    Okawaru [*****.]
Gold:   2561       SH: 20    Dex: 14    Spells: 14/14 levels left

rFire   . .          .
                       - Unarmed
rCold   . . .        c - +0 tower shield
rNeg    . . .        F - +0 swamp dragon scales
rPois   +            g - +0 helmet
rElec   .            G - +0 cloak
rCorr   .            P - +0 pair of gloves
SInv    +            q - +0 barding {Fly}
Will    +....        (no amulet)
Stlth   ++           L - ring of see invisible
HPRegen 0.41/turn    x - +4 ring of protection
MPRegen 0.17/turn

%: roll
@: heroic, flying
A: large, deformed body, tough skin 3, armoured tail, roll 2
a: Renounce Religion, Heroism, Finesse, Duel


You were on level 1 of the Spider Nest.
You worshipped Okawaru.
Okawaru was extremely pleased with you.
You visited 4 branches of the dungeon, and saw 23 of its levels.
You also visited: Bailey.

You collected 2741 gold pieces.
You spent 180 gold pieces at shops.

Inventory:

Missiles
 h - 11 javelins {god gift}
 l - 3 darts of dispersal {god gift}
 w - 10 poisoned darts (quivered)
 K - 2 silver javelins {god gift}
 S - 5 curare-tipped darts {god gift}
Armour
 c - a +0 tower shield (worn)
   (You found it on level 15 of the Dungeon)
 g - a +0 helmet (worn)
   (You found it on level 1 of the Dungeon)
 q - a +0 barding of flying (worn)
   (You took it off Nessos on level 13 of the Dungeon)
 u - the +6 scale mail of the Amoeba {rElec Str+6}
   (You found it on level 4 of the Dungeon)

   Str+6:     It affects your strength (+6).
   rElec:     It insulates you from electricity.
 F - +0 swamp dragon scales (worn)
   (You took it off Maggie on level 8 of the Dungeon)
 G - a +0 cloak (worn)
   (You found it on level 9 of the Dungeon)
 P - a +0 pair of gloves (worn)
   (You found it on level 8 of the Dungeon)
Jewellery
 i - a ring of flight
   (You found it on level 1 of the Dungeon)
 x - a +4 ring of protection (right hand)
   (You found it on level 13 of the Dungeon)
 L - a ring of see invisible (left hand)
   (You found it on level 12 of the Dungeon)
 U - a ring of ice
   (You took it off Fannar on level 2 of the Lair of Beasts)
 X - a ring of protection from fire
   (You found it on level 12 of the Dungeon)
Talismans
 m - a maw talisman
   (You found it on level 1 of the Dungeon)
 W - a blade talisman
   (You found it on level 3 of the Lair of Beasts)
Wands
 e - a wand of digging (6)
   (You found it on level 5 of the Dungeon)
 r - a wand of flame (36)
   (You found it on level 3 of the Dungeon)
 y - a wand of warping (23)
   (You took it off a kobold on level 6 of the Dungeon)
 D - a wand of quicksilver (2)
   (You found it on level 7 of the Dungeon)
 V - a wand of mindburst (1)
   (You found it on level 12 of the Dungeon)
Scrolls
 a - 4 scrolls of fog
 b - 12 scrolls of teleportation
 j - 2 scrolls of silence
 k - 3 scrolls of immolation
 n - 2 scrolls of blinking
 s - 3 scrolls of enchant weapon
 t - 5 scrolls of poison
 v - 5 scrolls of revelation
 A - 4 scrolls of enchant armour
 B - 3 scrolls of vulnerability
 C - 2 scrolls of amnesia
 E - 2 scrolls of fear {unknown}
 H - 2 scrolls of noise
 J - 4 scrolls of torment {unknown}
 Z - a scroll of acquirement
Potions
 d - 3 potions of lignification
 f - 2 potions of curing
 o - 2 potions of brilliance
 p - 3 potions of magic
 z - 4 potions of mutation
 I - a potion of invisibility {unknown}
 N - a potion of haste
 O - 5 potions of ambrosia
 Q - 2 potions of degeneration {unknown}
 R - 5 potions of attraction {unknown}
 T - a potion of resistance {unknown}
 Y - 3 potions of heal wounds
Miscellaneous
 M - a phial of floods
   (You found it in a bailey)


   Skills:
 - Level 10.0(15.0) Fighting
 - Level 11.0(16.0) Armour
 - Level 1.3(6.3) Dodging
 + Level 12.0(17.0) Shields
 + Level 15.7(20.7) Unarmed Combat
 - Level 9.0 Invocations
 - Level 11.5 Shapeshifting


You had 14 spell levels left.
You didn't know any spells.
Your spell library contained the following spells:

 Spells                   Type           Power      Damage    Failure   Level
 Magic Dart               Conj           0%         1d3       73%         1
 Sandblast                Erth           0%         2d4       73%         1
 Ensorcelled Hibernation  Hex/Ice        0%         N/A       86%         2
 Searing Ray              Conj           0%         2d4       86%         2
 Fugue of the Fallen      Necr           0%         N/A       97%         3
 Passwall                 Erth           0%         N/A       97%         3
 Stone Arrow              Conj/Erth      0%         3d7       97%         3
 Anguish                  Hex/Necr       0%         N/A       100%        4
 Brom's Barrelling Bould  Conj/Erth      0%         2d3       100%        4
 Fulminant Prism          Conj/Alch      0%         3d5       100%        4


Dungeon Overview and Level Annotations

Branches:
Dungeon (15/15)            Temple (0/1) D:7            Lair (5/5) D:8
 Shoals (0/4) Lair:3       Spider (1/4) Lair:3        Slime (0/5) Lair:4
    Orc (2/2) D:10            Elf (0/3) Orc:2        Vaults (0/5) D:13
 Depths (0/4) D:15         Bailey (visited)

Altars:
Ashenzari
Cheibriados
Dithmenos
Fedhas
Gozag
Hepliaklqana
Kikubaaqudgha
Makhleb
Nemelex Xobeh
Okawaru
Ru
Sif Muna
Vehumet
Xom
Yredelemnul
Zin
Beogh
Jiyva

Shops:
D:1 (   D:5 *   D:6 *   D:7 [[!   D:10 *=*:   D:14 :?   Orc:1 :*   Orc:2 *

Portals:
Trove: D:10 (give horn of Geryon)

Annotations:
D:6 3 runed translucent doors, Gangsterbeez's ghost, novice MiFi; ShinQuickMan's ghost, novice HuCj
D:9 2 transporters, exclusion: oklob plant, gosagan's ghost, novice DEHu
D:10 1 runed translucent door, 2 transporters, scarr's ghost, journeyman TeSu
D:15 3 runed translucent doors, osoart's ghost, journeyman DrSh
Lair:3 3 runed translucent doors, Zenwuu's ghost, adept TeAE
Lair:4 1 runed translucent door
Orc:2 Rupert


Innate Abilities, Weirdness & Mutations

Armour fits poorly on your strangely shaped body.
You have extremely tough skin. (AC +3)
You have a long armoured tail.
You regenerate magic and health when rolling toward enemies. (Rampage Regen)


Message History

You start putting on your armour.
You continue putting on your +0 swamp dragon scales. x4
Osoart's ghost says, "Let nature run its course against you!"
You continue putting on your +0 swamp dragon scales.
You finish putting on your +0 swamp dragon scales.
What level of the Spider Nest? (default 1, ? - help)
There is an open door here.
There is a stone staircase leading up here.
You fly upwards.
There is a stone staircase leading down here.
There is a stone staircase leading up here.
You fly upwards.
There is a stone staircase leading down here.
There is a stone staircase leading up here.
You fly upwards.
There is a stone staircase leading down here.
There is an open door here.
There is a stone staircase leading up here.
You fly upwards.
There is a stone staircase leading down here.
You see here a yak skeleton.
Things that are here:
a yak skeleton; a yak skeleton
There is a stone staircase leading up here.
You fly upwards.
Level annotation: 1 runed translucent door, 2 transporters, scarr's ghost, journeyman TeSu
There is a stone staircase leading down here.
There is a stone staircase leading up here.
You fly upwards.
Level annotation: 2 transporters, exclusion: oklob plant, gosagan's ghost, novice DEHu
There is a stone staircase leading down here.
There is a stone staircase leading up here.
You fly upwards.
There is a stone staircase leading down here.
There is a staircase to the Lair here.
You fly downwards.
Welcome back to the Lair of Beasts!
There is a staircase back to the Dungeon here.
There is an open door here.
There is a stone staircase leading down here.
You fly downwards.
There is a stone staircase leading up, spattered with blood here.
You see here a yak skeleton.
There is a stone staircase leading down here.
You fly downwards.
Level annotation: 3 runed translucent doors, Zenwuu's ghost, adept TeAE
There is a stone staircase leading up here.
You see here a yak skeleton.
There is a hole to the Spider Nest here.
You fly downwards.
Welcome to the Spider Nest!
This branch contains the gossamer rune of Zot.
The jumping spider's many legs skitter faintly.
Found 2 clear potions.
There is a crawl-hole back to the Lair here.
There are monsters nearby!
The jumping spider leaps!
The jumping spider pounces on you but does no damage.
You block the jumping spider's attack. The redback bites you.
You hit the jumping spider.
Your tail-slap misses the jumping spider.
The jumping spider is lightly wounded.
The jumping spider pounces on you but does no damage.
The jumping spider barely misses you. You block the redback's attack.
The redback bites you but does no damage.
You block the redback's attack.
You hit the jumping spider but do no damage.
The jumping spider is lightly wounded.
You block the jumping spider's attack. x2; You block the redback's attack. x2
The redback bites you but does no damage.
You hit the jumping spider but do no damage.
The jumping spider is lightly wounded.
You block the redback's attack. x3; You block the jumping spider's attack.
The jumping spider bites you but does no damage.
The redback completely misses you. The jumping spider pounces on you.
The jumping spider bites you but does no damage.
The redback closely misses you.
The redback bites you but does no damage.
You pummel the jumping spider!!
The jumping spider is almost dead.
You block the redback's attack. x2
The redback bites you but does no damage.
The jumping spider pounces on you but does no damage.
You block the jumping spider's attack.
You pummel the jumping spider!!
You kill the jumping spider!
Okawaru accepts your kill.
You block the redback's attack. x2; The redback barely misses you.
You block the redback's attack.
You closely miss the redback. You block the redback's attack.
The redback barely misses you. The redback bites you.
You block the redback's attack. The redback bites you!
You miss the redback.
Your tail-slap misses the redback.
You block the redback's attack. x3
You barely miss the redback. You block the redback's attack.
The redback bites you but does no damage. x2
You block the redback's attack.
The redback bites you but does no damage.
You pummel the redback!! You tail-slap the redback.
You kill the redback!
Okawaru accepts your kill. You block the redback's attack.
The redback barely misses you.
You barely miss the redback. You block the redback's attack.
The redback bites you.
You punch the redback!
The redback is heavily wounded.
You block the redback's attack. The redback barely misses you.
The redback bites you! You block the redback's attack.
You punch the redback!
The redback is almost dead.
You block the redback's attack. x2
You hit the redback.
The redback is almost dead.
You block the redback's attack.
The redback bites you but does no damage.
You closely miss the redback. You tail-slap the redback.
You kill the redback!
Okawaru accepts your kill.
The redback bites you but does no damage.
The redback barely misses you.
You pummel the redback!!
The redback is almost dead.
You block the redback's attack.
You pummel the redback!!
You kill the redback!
Okawaru accepts your kill.
No target in view!
No target in view!
No target in view!
No target in view!
No target in view!
HP restored.
You see here a redback corpse.
R - 5 clear potions (gained 2)
You see here a redback corpse.
There is a crawl-hole back to the Lair here.
You are caught in the web!
Found a stone staircase leading down.
There is a web here.
You disentangle yourself.
You are caught in the web!
There is a web here.
You disentangle yourself.
There is a stone staircase leading down here.
A tarantella comes into view.
The tarantella's many legs skitter faintly.
You hear a faint skittering sound.
You throw a poisoned dart. The poisoned dart hits the tarantella.
A tarantella comes into view.
You roll towards the tarantella!
You punch the tarantella!
Your tail-slap misses the tarantella.
The tarantella is moderately wounded.
You block the tarantella's attack.
You punch the tarantella!
The tarantella is severely wounded.
You block the tarantella's attack. The tarantella barely misses you.
The tarantella touches you but does no damage.
You hit the tarantella. You tail-slap the tarantella.
The tarantella is almost dead.
You block the tarantella's attack. x2
You barely miss the tarantella.
You tail-slap the tarantella, but do no damage.
The tarantella is almost dead.
You block the tarantella's attack.
The tarantella touches you but does no damage.
You closely miss the tarantella.
Your tail-slap misses the tarantella.
The tarantella is almost dead.
The tarantella touches you.
You are afflicted by dizzying energies!
You are confused.
The tarantella touches you but does no damage. x3
You miss the tarantella.
Your tail-slap misses the tarantella.
The tarantella is almost dead.
The tarantella touches you but does no damage.
The tarantella touches you!
The tarantella touches you but does no damage.
You pummel the tarantella!!
You kill the tarantella!
Okawaru accepts your kill.
The tarantella touches you but does no damage.
The tarantella barely misses you.
You are caught in the web!
The tarantella barely misses you.
The tarantella touches you but does no damage.
There is a web here.
You disentangle yourself.
You feel less confused. You block the tarantella's attack.
You hit the tarantella.
Your tail-slap misses the tarantella.
The tarantella is lightly wounded.
You block the tarantella's attack. x2
You punch the tarantella! You tail-slap the tarantella!
The tarantella is severely wounded.
You block the tarantella's attack.
You pummel the tarantella!!
You kill the tarantella!
Okawaru accepts your kill.
You see here a tarantella corpse.
A redback comes into view.
A redback is nearby!
A redback is nearby!
You roll towards the redback!
You pummel the redback!! You tail-slap the redback.
The redback is severely wounded.
A redback comes into view.
You block the redback's attack.
A redback comes into view.
You barely miss the redback. You tail-slap the redback!
You kill the redback!
Okawaru accepts your kill.
A demonic crawler comes into view.
The demonic crawler gives a hideous shriek!
You see here a tarantella corpse.
You pummel the redback!! You tail-slap the redback.
You kill the redback!
Okawaru accepts your kill.
You punch the redback!
Your tail-slap misses the redback.
The redback is moderately wounded.
The redback bites you but does no damage.
You block the redback's attack.
You punch the redback!
The redback is heavily wounded.
You block the redback's attack.
You hit the redback.
The redback is heavily wounded.
You block the redback's attack.
You barely miss the redback. You tail-slap the redback.
The redback is severely wounded.
The redback bites you but does no damage.
The demonic crawler hits you.
You block the demonic crawler's attack. x2
You barely miss the redback. You tail-slap the redback.
The redback is almost dead.
The redback bites you!
You are poisoned.
The redback poisons you!
You block the demonic crawler's attack. x2
The demonic crawler hits you but does no damage.
You block the redback's attack.
The demonic crawler hits you but does no damage.
The demonic crawler completely misses you.
The demonic crawler hits you but does no damage.
You barely miss the redback.
Your tail-slap misses the redback.
The redback is almost dead.
You feel extremely sick. You block the redback's attack.
You block the demonic crawler's attack. x2
The demonic crawler hits you!
You miss the redback.
The redback is almost dead.
You feel very sick. You block the redback's attack.
You block the demonic crawler's attack.
The demonic crawler hits you but does no damage. x2
The redback bites you but does no damage.
You pummel the redback!!
You kill the redback!
Okawaru accepts your kill.
You feel very sick.
The demonic crawler hits you but does no damage.
The demonic crawler barely misses you. You block the demonic crawler's attack.
You hit the demonic crawler. You tail-slap the demonic crawler!
The demonic crawler is moderately wounded.
You feel very sick. The demonic crawler hits you!
You block the demonic crawler's attack. The demonic crawler hits you.
You are too injured to fight recklessly!
You are too injured to fight recklessly!
You are too injured to fight recklessly!
You are too injured to fight recklessly!
You are too injured to fight recklessly!
You are too injured to fight recklessly!
You punch the demonic crawler!
You tail-slap the demonic crawler, but do no damage.
The demonic crawler is moderately wounded.
You feel sick. You block the demonic crawler's attack.
The demonic crawler hits you!
* * * LOW HITPOINT WARNING * * *
You block the demonic crawler's attack.
The demonic crawler hits you but does no damage. x2
You block the demonic crawler's attack.
You hit the demonic crawler but do no damage.
You tail-slap the demonic crawler.
The demonic crawler is lightly wounded.
You feel sick. You block the demonic crawler's attack.
The demonic crawler hits you but does no damage.
You block the demonic crawler's attack.
You punch the demonic crawler!
The demonic crawler is moderately wounded.
You feel sick. The demonic crawler closely misses you.
The demonic crawler hits you.
* * * LOW HITPOINT WARNING * * *
You block the demonic crawler's attack.
You punch the demonic crawler!
The demonic crawler is moderately wounded.
You feel sick. You block the demonic crawler's attack.
The demonic crawler barely misses you. The demonic crawler hits you.
* * * LOW HITPOINT WARNING * * *
You hit the demonic crawler. You tail-slap the demonic crawler.
The demonic crawler is moderately wounded.
You feel sick. You block the demonic crawler's attack.
The demonic crawler hits you but does no damage. x2
A redback comes into view.
You feel sick. You block the demonic crawler's attack.
The demonic crawler hits you but does no damage. x2
You gain the combat prowess of a mighty hero.
Okawaru is no longer ready to gift you weaponry.
Okawaru is no longer ready to gift you armour.
You feel sick. You block the demonic crawler's attack.
The demonic crawler hits you but does no damage. x2
You hit the demonic crawler but do no damage.
You feel sick.
The demonic crawler hits you but does no damage.
You block the demonic crawler's attack.
The demonic crawler hits you but does no damage.
You punch the demonic crawler!
Your tail-slap misses the demonic crawler.
The demonic crawler is lightly wounded.
You feel sick. You block the demonic crawler's attack.
The demonic crawler hits you.
* * * LOW HITPOINT WARNING * * *
The demonic crawler barely misses you.
You barely miss the demonic crawler.
The demonic crawler is lightly wounded.
You block the demonic crawler's attack. x3
A redback comes into view.
You hit the demonic crawler.
Your tail-slap misses the demonic crawler.
The demonic crawler is lightly wounded.
You feel sick.
You are no longer poisoned.
You block the demonic crawler's attack. x3
A redback comes into view.
You punch the demonic crawler!
The demonic crawler is lightly wounded.
You block the redback's attack.
The demonic crawler hits you but does no damage.
The demonic crawler closely misses you.
The demonic crawler hits you but does no damage.
You barely miss the demonic crawler. You tail-slap the demonic crawler!
The demonic crawler is moderately wounded.
You block the redback's attack. The demonic crawler barely misses you.
The demonic crawler hits you!
* * * LOW HITPOINT WARNING * * *
The demonic crawler closely misses you.
Blink to where?
Press: ? - help, Dir - move target
As you read the scroll of blinking, it crumbles to dust.
Magic restored.
A redback is nearby!
The redback attacks as it pursues you!
The redback bites you but does no damage.
You block the redback's attack.
There is a crawl-hole back to the Lair here.
The redback bites you but does no damage.
You fly upwards.
Welcome back to the Lair of Beasts!
Level annotation: 3 runed translucent doors, Zenwuu's ghost, adept TeAE
There is a hole to the Spider Nest here.
You pound the redback into fine dust!!!
You kill the redback!
Okawaru accepts your kill.
There is a hole to the Spider Nest here.
You start resting.
You feel like a meek peon again.
You start resting.
You start resting.
HP restored.
You gain the combat prowess of a mighty hero.
You fly downwards.
Welcome back to the Spider Nest!
This branch contains the gossamer rune of Zot.
You block the redback's attack. You block the demonic crawler's attack.
The demonic crawler barely misses you. You block the demonic crawler's attack.
You block the redback's attack.
The demonic crawler hits you but does no damage.
The demonic crawler closely misses you.
The demonic crawler hits you but does no damage.
There is a crawl-hole back to the Lair here.
You pummel the demonic crawler!! You tail-slap the demonic crawler!
The demonic crawler is heavily wounded.
You block the redback's attack. The demonic crawler hits you.
The demonic crawler hits you but does no damage.
You block the demonic crawler's attack. You block the redback's attack.
You punch the demonic crawler!
The demonic crawler is heavily wounded.
The demonic crawler barely misses you.
You block the demonic crawler's attack. x2
You block the redback's attack. x2
You punch the demonic crawler!
The demonic crawler is severely wounded.
You block the demonic crawler's attack.
The demonic crawler hits you but does no damage.
You block the demonic crawler's attack. You block the redback's attack.
The redback barely misses you.
You pummel the demonic crawler!!
You kill the demonic crawler!
Okawaru accepts your kill. You block the redback's attack. x2
You pummel the redback like a punching bag!!!
You kill the redback!
Okawaru accepts your kill. You block the redback's attack.
You miss the redback. You block the redback's attack.
You punch the redback!
The redback is moderately wounded.
You block the redback's attack. x2
You pummel the redback!!
You kill the redback!
Okawaru accepts your kill.
No target in view!
No target in view!
No target in view!
No target in view!
No target in view!
No target in view!
No target in view!
No target in view!
No target in view!
No target in view!
No target in view!
No target in view!
No target in view!
No target in view!
No target in view!
No target in view!
HP restored.
Magic restored.
A tarantella comes into view.
A tarantella is nearby!
A tarantella is nearby!
A tarantella is nearby!
You throw a poisoned dart. The poisoned dart hits the tarantella!
The tarantella is poisoned.
The tarantella's many legs skitter faintly.
You throw a poisoned dart.
The poisoned dart misses the tarantella.
You throw a poisoned dart.
The poisoned dart closely misses the tarantella.
You throw a poisoned dart. The poisoned dart hits the tarantella!
The tarantella looks as sick as possible!
The tarantella is lightly wounded.
You hit the tarantella but do no damage.
The tarantella is moderately wounded.
You block the tarantella's attack.
You barely miss the tarantella.
Your tail-slap misses the tarantella.
The tarantella is moderately wounded.
You feel like a meek peon again. The tarantella touches you.
The tarantella touches you but does no damage.
You pummel the tarantella!!
You kill the tarantella!
Okawaru accepts your kill.
No target in view!
w - 9 poisoned darts (gained 1)
A redback comes into view.
A redback is nearby!
A redback is nearby!
A redback is nearby!
You roll towards the redback!
You punch the redback!
The redback is severely wounded.
The redback bites you!
You are poisoned.
The redback poisons you! You block the redback's attack.
You hit the redback but do no damage. You tail-slap the redback!
You kill the redback!
Okawaru accepts your kill.
You feel extremely sick.
No target in view!
No target in view!
You feel extremely sick.
You feel very sick.
You feel very sick.
You feel very sick.
You feel very sick.
You feel sick.
You feel sick.
You feel sick.
You feel sick.
You feel sick.
You feel sick.
You feel sick.
You feel sick.
You are no longer poisoned.
w - 10 poisoned darts (gained 1)
You now have 2561 gold pieces (gained 14).
A pharaoh ant comes into view.
You block the pharaoh ant's attack.
A pharaoh ant is nearby!
A pharaoh ant is nearby!
You barely miss the pharaoh ant. You block the pharaoh ant's attack.
You barely miss the pharaoh ant. The pharaoh ant bites you.
You punch the pharaoh ant!
The pharaoh ant is heavily damaged.
The pharaoh ant bites you but does no damage.
You punch the pharaoh ant! You tail-slap the pharaoh ant.
You destroy the pharaoh ant!
Okawaru accepts your kill.
The pharaoh ant binds the souls of nearby monsters.
No target in view!
A pharaoh ant and a culicivora come into view.
The pharaoh ant gives a chilling moan.
The culicivora's many legs skitter faintly.
There are monsters nearby!
You roll towards the pharaoh ant!
You hit the pharaoh ant. You tail-slap the pharaoh ant.
The pharaoh ant is moderately damaged.
You block the pharaoh ant's attack. The pharaoh ant barely misses you.
You punch the pharaoh ant!
You tail-slap the pharaoh ant, but do no damage.
The pharaoh ant is severely damaged.
You block the pharaoh ant's attack.
You barely miss the pharaoh ant.
Your tail-slap misses the pharaoh ant.
The pharaoh ant is severely damaged.
The pharaoh ant barely misses you.
You pummel the pharaoh ant!!
You destroy the pharaoh ant!
Okawaru accepts your kill.
The pharaoh ant binds the souls of nearby monsters.
You hit the culicivora but do no damage.
The culicivora bites you but does no damage.
The culicivora bites you.
The culicivora draws strength from your injuries!
You punch the culicivora!
The culicivora is moderately wounded.
You block the culicivora's attack.
You miss the culicivora.
Your tail-slap misses the culicivora.
The culicivora is moderately wounded.
The culicivora bites you!
The culicivora draws strength from your injuries!
You closely miss the culicivora. You tail-slap the culicivora!
The culicivora is moderately wounded.
You block the culicivora's attack.
You punch the culicivora!
The culicivora is severely wounded.
You block the culicivora's attack.
The culicivora bites you but does no damage.
You closely miss the culicivora.
The culicivora is severely wounded.
You block the culicivora's attack.
You closely miss the culicivora.
Your tail-slap misses the culicivora.
The culicivora is severely wounded.
You block the culicivora's attack. The culicivora bites you!
The culicivora draws strength from your injuries!
You pummel the culicivora!!
You kill the culicivora!
Okawaru accepts your kill.
A freezing mist starts to gather...
A culicivora simulacrum comes into view.
You punch the culicivora simulacrum!
The culicivora simulacrum is severely damaged.
The culicivora simulacrum bites you but does no damage.
You closely miss the culicivora simulacrum.
You tail-slap the culicivora simulacrum!
The culicivora simulacrum vaporises!
No target in view!
No target in view!
No target in view!
No target in view!
No target in view!
Found a stone staircase leading down.
Found a lajatang.
Your pack is full.
You see here an amulet of magic regeneration.
Your pack is full.
You see here an amulet of magic regeneration.
Found a quarterstaff.
Found a robe.
You see here a +0 quarterstaff.
You see here a +0 robe.
Found a short sword.
A demonic crawler comes into view.
You roll towards the demonic crawler!
A jorogumo comes into view.
You pummel the demonic crawler!!
Your tail-slap misses the demonic crawler.
The demonic crawler is moderately wounded.
The jorogumo shouts!
A redback comes into view.
The demonic crawler hits you but does no damage.
You block the demonic crawler's attack. x2
You hit the demonic crawler.
The demonic crawler is moderately wounded.
The demonic crawler hits you. You block the demonic crawler's attack.
The demonic crawler hits you! The jorogumo casts a spell at you.
You block the stream of webbing.
You block the demonic crawler's attack. x2
The demonic crawler barely misses you.
You punch the demonic crawler!
The demonic crawler is moderately wounded.
You block the demonic crawler's attack.
The demonic crawler hits you but does no damage. x2
You barely miss the demonic crawler.
The demonic crawler is moderately wounded.
You block the demonic crawler's attack. The demonic crawler hits you!
You block the demonic crawler's attack.
The demonic crawler attacks as it pursues you!
You block the demonic crawler's attack. x3
The demonic crawler attacks as it pursues you!
The demonic crawler barely misses you. You block the demonic crawler's attack.
The demonic crawler completely misses you.
You barely miss the demonic crawler. You tail-slap the demonic crawler.
The demonic crawler is lightly wounded.
The demonic crawler hits you!
The demonic crawler hits you but does no damage.
You block the demonic crawler's attack.
You barely miss the demonic crawler. You tail-slap the demonic crawler!
The demonic crawler is lightly wounded.
You block the demonic crawler's attack.
The demonic crawler hits you but does no damage. x3
The demonic crawler hits you! You block the demonic crawler's attack.
You gain the combat prowess of a mighty hero.
The demonic crawler hits you but does no damage.
You block the demonic crawler's attack. x2
You pummel the demonic crawler!!
You tail-slap the demonic crawler, but do no damage.
The demonic crawler is heavily wounded.
The demonic crawler hits you.
You block the demonic crawler's attack. x2
You hit the demonic crawler.
The demonic crawler is heavily wounded.
You block the demonic crawler's attack. x3
You pummel the demonic crawler!!
The demonic crawler is almost dead.
The demonic crawler hits you but does no damage.
The demonic crawler hits you. You block the demonic crawler's attack.
You pummel the demonic crawler!!
You kill the demonic crawler!
Okawaru accepts your kill.
You barely miss the redback. You block the redback's attack.
You pummel the redback!!
You kill the redback!
Okawaru accepts your kill.
You pummel the jorogumo!!
The jorogumo is moderately wounded.
The jorogumo stares at you and mumbles some strange words.
The stream of webbing hits you but does no damage.
You are caught in a web!
The web tears apart.
You block the jorogumo's attack.
You punch the jorogumo! You tail-slap the jorogumo!
The jorogumo is severely wounded.
You block the jorogumo's attack.
You punch the jorogumo!
The jorogumo is almost dead.
The jorogumo casts a spell at you.
The bolt of negative energy is repelled.
You miss the jorogumo.
The jorogumo is severely wounded.
You block the jorogumo's attack.
You pummel the jorogumo!!
You kill the jorogumo!
Okawaru accepts your kill.
You see here a jorogumo corpse.
You feel like a meek peon again.
A culicivora comes into view.
A culicivora is nearby!
A culicivora is nearby!
A culicivora is nearby!
You throw a poisoned dart.
The poisoned dart closely misses the culicivora.
No target in view!
No target in view!
No target in view!
A culicivora is nearby!
You block the culicivora's attack.
You miss the culicivora. The culicivora barely misses you.
The culicivora bites you.
The culicivora draws strength from your injuries!
You closely miss the culicivora. You block the culicivora's attack.
You pummel the culicivora!!
The culicivora is heavily wounded.
You block the culicivora's attack.
You pummel the culicivora!!
The culicivora is almost dead.
The culicivora bites you.
The culicivora draws strength from your injuries!
The culicivora bites you!
The culicivora draws strength from your injuries!
You punch the culicivora!
Your tail-slap misses the culicivora.
The culicivora is almost dead.
You block the culicivora's attack.
You punch the culicivora!
You kill the culicivora!
Okawaru accepts your kill.
No target in view!
A steelbarb worm comes into view.
A steelbarb worm is nearby!
A steelbarb worm is nearby!
You see here a jorogumo corpse.
You see here a jorogumo corpse.
You roll towards the steelbarb worm!
You pummel the steelbarb worm!! You tail-slap the steelbarb worm!
The steelbarb worm is heavily wounded.
The steelbarb worm hits you.
Barbed spikes become lodged in your body.
You pummel the steelbarb worm!!
The steelbarb worm is severely wounded.
You block the steelbarb worm's attack.
You barely miss the steelbarb worm.
Your tail-slap misses the steelbarb worm.
The steelbarb worm is severely wounded.
You block the steelbarb worm's attack.
You pummel the steelbarb worm!!
You kill the steelbarb worm!
Okawaru accepts your kill.
No target in view!
No target in view!
You carefully extract the barbed spikes from your body.
You see here a jorogumo corpse.
An orb spider comes into view.
The orb spider's many legs skitter faintly.
The orb spider spins a strand of pure energy.
An orb spider is nearby!
An orb spider is nearby!
You throw a poisoned dart.
The poisoned dart barely misses the orb spider.
You throw a poisoned dart.
The poisoned dart barely misses the orb spider.
A redback comes into view.
You throw a poisoned dart.
The poisoned dart barely misses the orb spider.
The orb spider weaves a glowing orb of energy.
An orb of destruction comes into view.
The orb of destruction moves out of view.
You see here a jorogumo corpse.
You start waiting.
A redback is nearby!
The redback barely misses you.
The redback bites you but does no damage.
You closely miss the redback. You tail-slap the redback.
The redback is lightly wounded.
The redback bites you but does no damage.
You barely miss the redback.
The redback is lightly wounded.
The redback bites you but does no damage.
You block the redback's attack.
You hit the redback. You tail-slap the redback.
The redback is heavily wounded.
You block the redback's attack.
You hit the redback.
The redback is heavily wounded.
You block the redback's attack.
You hit the redback.
You tail-slap the redback, but do no damage.
The redback is severely wounded.
You block the redback's attack. x2
You hit the redback.
The redback is severely wounded.
The redback bites you!
You pummel the redback!!
You kill the redback!
Okawaru accepts your kill.
The orb spider pulsates with a strange energy.
You roll towards the orb spider!
You closely miss the orb spider.
The orb spider weaves a glowing orb of energy.
The wavering orb of destruction weakly hits you.
You pummel the orb spider!!
The orb spider is severely wounded.
You pummel the orb spider!!
You kill the orb spider!
Okawaru accepts your kill.
No target in view!
HP restored.
w - 7 poisoned darts (gained 1)
A redback comes into view.
A redback is nearby!
A redback is nearby!
You see here 3 poisoned darts.
You block the redback's attack.
You pummel the redback!!
The redback is almost dead.
You block the redback's attack.
You pummel the redback!!
You kill the redback!
Okawaru accepts your kill.
No target in view!
w - 10 poisoned darts (gained 3)
You see here a redback corpse.
Found 9 stones.
A culicivora comes into view.
The culicivora's many legs skitter faintly.
A redback comes into view.
There are monsters nearby!
The culicivora bites you but does no damage.
You barely miss the culicivora.
Your tail-slap misses the culicivora.
The culicivora bites you.
The culicivora draws strength from your injuries!
You pummel the culicivora!! You tail-slap the culicivora.
The culicivora is heavily wounded.
The culicivora barely misses you.
The culicivora bites you but does no damage.
You barely miss the culicivora.
Your tail-slap misses the culicivora.
The culicivora is heavily wounded.
The culicivora bites you!
The culicivora draws strength from your injuries!
You pummel the culicivora!!
The culicivora is almost dead.
The culicivora bites you but does no damage. x2
You hit the culicivora.
You tail-slap the culicivora, but do no damage.
The culicivora is almost dead.
The culicivora bites you!
The culicivora draws strength from your injuries!
You pummel the culicivora!!
You kill the culicivora!
Okawaru accepts your kill.
The redback bites you but does no damage.
You closely miss the redback.
Your tail-slap misses the redback.
The redback bites you but does no damage.
You closely miss the redback. You block the redback's attack.
You punch the redback! You tail-slap the redback!
The redback is severely wounded.
The redback completely misses you.
You punch the redback!
You kill the redback!
Okawaru accepts your kill.
No target in view!
No target in view!
You see here a redback corpse.
J - 4 scrolls labelled FANEDY ZAYGE (gained 1)
A malevolent force fills the Spider Nest...
With a horrendous wail, an alarm goes off!
A sentinel's mark forms upon you.
You hear a faint skittering sound.
You hear a skittering sound.
You hear a faint skittering sound.
You hear a chilling moan.
You hear a faint skittering sound. x2; You hear a skittering sound.
You hear a faint skittering sound.
You hear a chilling moan.
You hear an angry buzzing noise.
You hear a hideous shriek!
You hear a faint skittering sound.
You hear a chilling moan.
You hear a faint skittering sound. x8; You hear a skittering sound.
You hear a faint skittering sound. x3; You hear a skittering sound.
You hear a faint skittering sound.
You hear a chilling moan.
You hear a skittering sound.
You hear a chilling moan.
A jumping spider comes into view.
A pharaoh ant comes into view.
The jumping spider leaps!
There are monsters nearby!
A jumping spider comes into view.
Okay, then.
You hit the jumping spider but do no damage.
You block the jumping spider's attack. x2
You punch the jumping spider!
The jumping spider is moderately wounded.
The jumping spider pounces on you but does no damage.
You block the jumping spider's attack. x3
You closely miss the jumping spider.
The jumping spider is moderately wounded.
You block the jumping spider's attack. x2
A wolf spider comes into view.
You closely miss the jumping spider.
You tail-slap the jumping spider, but do no damage.
The jumping spider is moderately wounded.
You block the jumping spider's attack.
The jumping spider bites you but does no damage.
You pummel the jumping spider!!
The jumping spider is almost dead.
You block the jumping spider's attack.
The jumping spider bites you but does no damage.
You punch the wolf spider!
The wolf spider is lightly wounded.
A wolf spider comes into view.
You hit the wolf spider.
Your tail-slap misses the wolf spider.
The wolf spider is moderately wounded.
The wolf spider hits you but does no damage.
The wolf spider barely misses you. You block the wolf spider's attack.
The wolf spider bites you but does no damage.
You pummel the wolf spider!!
Your tail-slap misses the wolf spider.
The wolf spider is almost dead.
You block the wolf spider's attack. x2
You hit the wolf spider.
The wolf spider is almost dead.
You block the wolf spider's attack. x2
You hit the wolf spider.
Your tail-slap misses the wolf spider.
The wolf spider is almost dead.
The wolf spider hits you but does no damage.
You block the wolf spider's attack. x3
You hit the wolf spider.
You kill the wolf spider!
Okawaru accepts your kill. Okawaru grants you throwing weapons!
Something appears at your feet!
A wolf spider comes into view.
You pummel the pharaoh ant!!
Your tail-slap misses the pharaoh ant.
The pharaoh ant is almost destroyed.
The pharaoh ant bites you!! You block the pharaoh ant's attack.
You punch the pharaoh ant!
You destroy the pharaoh ant!
Okawaru accepts your kill.
The pharaoh ant binds the souls of nearby monsters.
A redback comes into view.
The wolf spider barely misses you. The wolf spider bites you.
You punch the wolf spider!
The wolf spider is moderately wounded.
You block the wolf spider's attack. x2
You pummel the wolf spider!!
The wolf spider is heavily wounded.
The wolf spider hits you! The wolf spider bites you.
A jumping spider comes into view.
You completely miss the wolf spider.
You tail-slap the wolf spider, but do no damage.
The wolf spider is heavily wounded.
You block the wolf spider's attack. x4
An orb spider comes into view.
You pummel the wolf spider!!
The wolf spider is almost dead.
The wolf spider hits you! You block the wolf spider's attack.
A jumping spider comes into view.
You are too injured to fight recklessly!
You are too injured to fight recklessly!
You are too injured to fight recklessly!
You gain the combat prowess of a mighty hero.
You block the wolf spider's attack. The wolf spider barely misses you.
You block the wolf spider's attack. x2
You pummel the wolf spider!!
You kill the wolf spider!
Okawaru accepts your kill.
A freezing mist starts to gather...
A wolf spider simulacrum comes into view.
The jumping spider leaps!
Your base Shields skill increases to level 12!
You barely miss the wolf spider simulacrum.
Your tail-slap misses the wolf spider simulacrum.
You punch the wolf spider!
The wolf spider is moderately wounded.
The jumping spider leaps!
You block the wolf spider's attack. The wolf spider completely misses you.
You pummel the wolf spider!! You tail-slap the wolf spider!
The wolf spider is almost dead.
The jumping spider leaps!
The wolf spider hits you but does no damage.
The wolf spider bites you but does no damage.
You punch the wolf spider!
You kill the wolf spider!
Okawaru accepts your kill.
A freezing mist starts to gather...
A wolf spider simulacrum comes into view.
The jumping spider leaps!
You hit the wolf spider simulacrum.
The wolf spider simulacrum is lightly damaged.
You barely miss the wolf spider simulacrum.
The wolf spider simulacrum is lightly damaged.
The sentinel's mark upon you fades away.
The wolf spider simulacrum hits you but does no damage.
The wolf spider simulacrum bites you. The wolf spider simulacrum freezes you!
You pummel the wolf spider simulacrum!!
The wolf spider simulacrum is severely damaged.
The wolf spider simulacrum hits you!
* * * LOW HITPOINT WARNING * * *
The wolf spider simulacrum freezes you!!
* * * LOW HITPOINT WARNING * * *
The wolf spider simulacrum bites you but does no damage.
You punch the wolf spider simulacrum!
The wolf spider simulacrum vaporises!
As you read the scroll of teleportation, it crumbles to dust.
You feel strangely unstable.
A redback comes into view.
You swing at nothing.
The jumping spider leaps!
You swing at nothing.
The orb spider pulsates with a strange energy.
You pummel the redback like a punching bag!!!
You kill the redback!
Okawaru accepts your kill.
A freezing mist starts to gather...
A redback simulacrum comes into view.
You hear a faint skittering sound.
You swing at nothing.
You pummel the orb spider!! You tail-slap the orb spider.
The orb spider is severely wounded.
Your surroundings suddenly seem different.
A culicivora comes into view.
A culicivora is nearby!
You roll towards the culicivora!
You closely miss the culicivora. You tail-slap the culicivora!
The culicivora is moderately wounded.
The culicivora bites you!
* * * LOW HITPOINT WARNING * * *
The culicivora draws strength from your injuries!
You closely miss the culicivora.
Your tail-slap misses the culicivora.
The culicivora is lightly wounded.
You block the culicivora's attack.
You closely miss the culicivora.
The culicivora is lightly wounded.
You block the culicivora's attack.
You miss the culicivora.
The culicivora is lightly wounded.
You block the culicivora's attack.
You barely miss the culicivora.
Your tail-slap misses the culicivora.
The culicivora is lightly wounded.
You block the culicivora's attack.
You pummel the culicivora!! You tail-slap the culicivora.
The culicivora is severely wounded.
The culicivora bites you!
* * * LOW HITPOINT WARNING * * *
The culicivora draws strength from your injuries!
The culicivora closely misses you.
You hit the culicivora.
The culicivora is severely wounded.
You block the culicivora's attack.
You miss the culicivora.
The culicivora is severely wounded.
The culicivora bites you but does no damage.
You hit the culicivora.
The culicivora is severely wounded.
You block the culicivora's attack.
You closely miss the culicivora.
The culicivora is severely wounded.
The culicivora bites you!
* * * LOW HITPOINT WARNING * * *
The culicivora draws strength from your injuries!
You miss the culicivora. You tail-slap the culicivora.
The culicivora is severely wounded.
The culicivora bites you!
You die...

##.........####..##..
.........†...#.....#
##........##....#.# ..
#.........###....# ## ...
.........###.....# .##.)..
.........##......## ..#....
#.......#.#.....#.###.......
# ###....###......#.##...# #
##...# #.....s@.÷....# #
###.#### #.......###..## #.
## ##.## #......####....###.
###^ ...## #.....^#
#..##..#. #... .##.#
##.....# #.## #^... #...
##### #.....## #.# ##.####..
# ...###^# ##[# ###..##^.
#.## #.# #..#####.#..##". ##
.#. #.###...#...###.


You could see a culicivora.

Vanquished Creatures
  Frances (D:12)
  A frost giant (D:15)
  Nessos (D:13)
  4 vault guards (D:13)
  Fannar (Lair:2)
  2 hydras
  An ogre mage (D:15)
  A jorogumo (Spider:1)
  3 catoblepae
  4 centaur warriors
  A boulder beetle (D:12)
  6 two-headed ogres
  3 tengu warriors (D:15)
  2 demonic crawlers (Spider:1)
  7 death yaks
  Urug (Lair:1)
  2 skysharks (Lair:5)
  9 skeletal warriors
  3 pharaoh ants (Spider:1)
  A goliath frog (Lair:5)
  An orb spider (Spider:1)
  A steelbarb worm (Spider:1)
  2 orc knights
  3 deep elf pyromancers
  8 ugly things
  5 manticores
  An orc sorcerer (Orc:2)
  2 cyclopes
  3 wolf spiders (Spider:1)
  3 meliai (Lair:4)
  7 elephants (Lair:3)
  6 kobold blastminers
  A merfolk siren (Lair:3)
  3 black mambas
  A torpor snail (Lair:3)
  An unseen horror zombie (D:10)
  A gargoyle (D:13)
  2 unseen horrors
  3 rime drakes
  17 cane toads
  Maggie (D:8)
  A kobold demonologist (D:11)
  9 komodo dragons
  A queen bee (Lair:4)
  9 trolls
  3 polar bears
  3 merfolk (Lair:3)
  2 tyrant leeches
  3 tarantellas (Spider:1)
  12 blink frogs
  A dream sheep (Lair:4)
  6 slime creatures (D:14)
  A centaur simulacrum (D:13)
  3 culicivoras (Spider:1)
  7 shadows
  A spriggan (shapeshifter) (D:14)
  A jumping spider (Spider:1)
  53 yaks
  4 wyverns
  6 wraiths
  3 basilisks
  3 steam dragons
  2 wargs
  A human (D:13)
  Menkaure (D:5)
  15 redbacks
  9 vampire mosquitoes
  An acid dragon (D:11)
  15 water moccasins
  4 laughing skulls
  35 orc warriors
  2 black bears (D:8)
  3 sky beasts
  A tengu (shapeshifter) (D:15)
  9 ogres
  9 centaurs
  12 wolves
  3 kobold brigands
  25 bullfrogs
  A gnoll sergeant (D:10)
  18 killer bees
  3 electric eels
  A bombardier beetle (D:6)
  2 jellies
  14 orc priests
  7 centaur zombies (D:10)
  A gnoll bouda (D:7)
  A hound (D:5)
  A sleepcap (D:7)
  An iguana (D:5)
  14 orc wizards
  A hell rat (D:8)
  3 howler monkey zombies (D:10)
  19 gnolls
  10 adders
  4 river rats (D:8)
  A shadow imp (D:8)
  2 white imps
  5 dart slugs
  56 orcs
  7 ball pythons
  6 bats
  9 endoplasms
  4 giant cockroaches
  13 hobgoblins
  A jackal (D:1)
  4 quokkas
  2 frilled lizards
  18 goblins
  17 kobolds
  5 rats
656 creatures vanquished.

Vanquished Creatures (others)
  An orc (D:9)
  3 kobolds (D:8)
4 creatures vanquished.

Grand Total: 660 creatures vanquished

Notes
Turn   | Place    | Note
-------+----------+-------------------------------------------
     0 | D:1      | sleeves the Armataur Shapeshifter began the quest for the
                  | Orb.
     0 | D:1      | Reached XP level 1. HP: 15/15 MP: 1/1
    30 | D:1      | Reached skill level 3 in Unarmed Combat
    77 | D:1      | You fall into a shaft and drop 1 floor!
    82 | D:1      | Found Haziog's Antique Weapon Shop.
    93 | D:1      | Reached XP level 2. HP: 22/22 MP: 2/2
   103 | D:1      | HP: 11/22 [frozen (5)]
   104 | D:1      | HP: 5/22 [rat (1)]
   556 | D:1      | Reached XP level 3. HP: 21/27 MP: 3/3
   648 | D:1      | Found a faded altar of an unknown god.
   843 | D:1      | Reached skill level 4 in Unarmed Combat
  1479 | D:2      | Reached XP level 4. HP: 34/34 MP: 4/4
  2122 | D:3      | Reached skill level 5 in Unarmed Combat
  2325 | D:3      | Found an iron altar of Okawaru.
  2353 | D:3      | Found a sparkling altar of Nemelex Xobeh.
  2779 | D:3      | Became a worshipper of Warmaster Okawaru
  2879 | D:4      | Noticed an ogre
  2938 | D:4      | Found a shadowy altar of Dithmenos.
  2941 | D:4      | Found a basalt altar of Yredelemnul.
  3002 | D:4      | Found a burning altar of Makhleb.
  3004 | D:4      | Found a radiant altar of Vehumet.
  3045 | D:4      | Reached XP level 5. HP: 39/39 MP: 5/5
  3146 | D:4      | Killed an ogre
  3202 | D:4      | Reached skill level 6 in Unarmed Combat
  3204 | D:4      | Identified the +6 scale mail of the Amoeba {rElec Str+6}
  3428 | D:5      | Entered Level 5 of the Dungeon
  3428 | D:5      | Noticed an ogre
  3460 | D:5      | Found Buciugo's General Store.
  3614 | D:5      | Found a blossoming altar of Fedhas.
  3690 | D:5      | Reached XP level 6. HP: 46/46 MP: 6/6
  3871 | D:5      | Noticed Menkaure
  3877 | D:5      | Killed Menkaure
  3877 | D:5      | Reached * piety under Okawaru
  3878 | D:5      | Reached skill level 7 in Unarmed Combat
  3963 | D:5      | HP: 21/46 [white imp (5)]
  4118 | D:5      | Gained mutation: You regenerate magic and health when
                  | rolling toward enemies. (Rampage Regen) [Armataur growth]
  4118 | D:5      | Reached XP level 7. HP: 51/51 MP: 7/7
  4279 | D:6      | Found Fiofeot's Overcharged Wands.
  4327 | D:5      | Reached skill level 8 in Unarmed Combat
  4382 | D:6      | Noticed a yak
  4382 | D:6      | Noticed a yak
  4382 | D:6      | Noticed a yak
  4382 | D:6      | Noticed a yak
  4434 | D:6      | Reached skill level 1 in Armour
  4576 | D:6      | Reached skill level 3 in Shapeshifting
  4611 | D:6      | Reached ** piety under Okawaru
  4612 | D:6      | Reached skill level 2 in Armour
  4742 | D:5      | HP: 22/51 [yak (10)]
  4745 | D:5      | HP: 8/51 [yak (12)]
  4750 | D:5      | Killed a yak
  4751 | D:5      | Reached XP level 8. HP: 10/58 MP: 8/8
  5049 | D:6      | Found a runed translucent gate.
  5049 | D:6      | Found a runed translucent gate.
  5049 | D:6      | Found a runed translucent gate.
  5062 | D:6      | Reached skill level 3 in Armour
  5127 | D:6      | Noticed Gangsterbeez's ghost (novice MiFi)
  5127 | D:6      | Noticed ShinQuickMan's ghost (novice HuCj)
  5221 | D:6      | HP: 19/58 [yak (11)]
  5224 | D:6      | Reached skill level 4 in Armour
  5224 | D:6      | Reached skill level 4 in Shapeshifting
  5656 | D:7      | Found a staircase to the Ecumenical Temple.
  5669 | D:7      | Reached skill level 5 in Armour
  5688 | D:7      | Reached *** piety under Okawaru
  5689 | D:7      | Reached skill level 9 in Unarmed Combat
  5694 | D:7      | Found Sutsu's Armour Emporium.
  6073 | D:7      | Reached XP level 9. HP: 52/63 MP: 9/9
  6115 | D:7      | Found an opulent altar of Gozag.
  6150 | D:7      | Found a glowing silver altar of Zin.
  6206 | D:7      | Found Moon's Armour Shop.
  6245 | D:7      | Found Ukhy's Distillery.
  6251 | D:7      | Bought a potion of curing for 39 gold pieces
  6366 | D:7      | Found a broken altar of Ashenzari.
  6417 | D:8      | Found a shimmering blue altar of Sif Muna.
  6597 | D:8      | Reached skill level 5 in Shapeshifting
  6633 | D:8      | Noticed Maggie
  6665 | D:8      | HP: 29/63 [Maggie/+1 heavy halberd (14)]
  6668 | D:8      | Killed Maggie
  6669 | D:8      | Reached skill level 6 in Armour
  6970 | D:8      | Found a staircase to the Lair.
  6981 | D:8      | Noticed a death yak
  7098 | D:7      | Reached skill level 7 in Armour
  7270 | D:8      | Reached **** piety under Okawaru
  7413 | D:9      | HP: 21/63 [steam dragon/ball of steam (19)]
  7415 | D:9      | Reached skill level 6 in Shapeshifting
  7426 | D:9      | Noticed a troll
  7564 | D:9      | HP: 26/63 [troll (9)]
  7565 | D:9      | Killed a troll
  7566 | D:9      | Reached skill level 10 in Unarmed Combat
  7717 | D:8      | Reached skill level 8 in Armour
  7843 | D:9      | Found an ancient bone altar of Kikubaaqudgha.
  8044 | D:9      | Reached ***** piety under Okawaru
  8045 | D:9      | Reached XP level 10. HP: 70/70 MP: 10/10
  8048 | D:9      | Found a shimmering altar of Xom.
  8072 | D:9      | Noticed a two-headed ogre
  8078 | D:9      | Noticed a skeletal warrior
  8096 | D:9      | Noticed gosagan's ghost (novice DEHu)
  8107 | D:9      | Found a transporter.
  8321 | D:9      | Noticed an oklob plant
  8330 | D:9      | Found a transporter.
  8643 | D:9      | HP: 35/70 [something (1)]
  8834 | D:9      | Noticed a brown ugly thing
  8849 | D:9      | Killed a brown ugly thing
  8850 | D:9      | Reached skill level 1 in Invocations
  9112 | D:9      | Found a sacrificial altar of Ru.
  9145 | D:10     | Entered Level 10 of the Dungeon
  9145 | D:10     | Noticed a two-headed ogre
  9197 | D:9      | HP: 35/70 [yak (4)]
  9203 | D:9      | Reached skill level 9 in Armour
  9417 | D:10     | Reached skill level 2 in Invocations
  9446 | D:10     | Reached skill level 7 in Shapeshifting
  9520 | D:10     | Reached skill level 3 in Invocations
  9565 | D:10     | Found a flagged portal.
  9596 | D:10     | HP: 32/70 [shadow (10)]
  9604 | D:10     | HP: 24/70 [yak (10)]
  9609 | D:10     | HP: 14/70 [wraith (2)]
  9620 | D:10     | HP: 17/70 [yak (4)]
  9627 | D:10     | HP: 15/70 [yak (3)]
  9631 | D:10     | Received a gift from Okawaru
  9694 | D:10     | HP: 22/70 [centaur zombie (3)]
  9702 | D:10     | Found Qopot's Book Shoppe.
  9707 | Bailey   | Entered a bailey
  9946 | Bailey   | Reached skill level 11 in Unarmed Combat
 10028 | Bailey   | Noticed an orc knight
 10057 | Bailey   | Killed an orc knight
 10058 | Bailey   | Reached skill level 10 in Armour
 10058 | Bailey   | Reached skill level 4 in Invocations
 10058 | Bailey   | Reached XP level 11. HP: 42/75 MP: 11/14
 10231 | Bailey   | Reached skill level 1 in Fighting
 10304 | Bailey   | Noticed an orc warlord
 10499 | Bailey   | HP: 28/77 [orc warlord/+6 battleaxe (12)]
 10535 | Bailey   | HP: 31/77 [orc warrior/+0 war axe (3)]
 10695 | D:10     | Reached skill level 5 in Fighting
 10695 | D:10     | Reached skill level 12 in Unarmed Combat
 10695 | D:10     | Reached XP level 12. HP: 95/95 MP: 15/15
 10831 | D:10     | Found a runed translucent door.
 10835 | D:10     | Noticed scarr's ghost (journeyman TeSu)
 10842 | D:10     | Identified the +8 trident of Oozing Pus {protect, rF+ Int+4
                  | Dex+3}
 10860 | D:10     | Reached skill level 6 in Fighting
 10939 | D:10     | Found a portal to a secret trove of treasure.
 11075 | D:10     | Found a hazy altar of Hepliaklqana.
 11111 | D:10     | Found Baserr's CLEARANCE SALE!.
 11116 | D:10     | Bought a scroll of teleportation for 18 gold pieces
 11116 | D:10     | Bought a potion of curing for 18 gold pieces
 11323 | D:10     | Found a transporter.
 11408 | D:10     | Found a staircase to the Orcish Mines.
 11490 | D:9      | Reached skill level 5 in Invocations
 11569 | D:10     | Found Bosuwk's Jewellery Emporium.
 11801 | D:10     | Found a transporter.
 11803 | D:10     | Found Verigg's General Store.
 12093 | D:8      | Noticed a death yak
 12102 | D:7      | Killed a death yak
 12167 | D:8      | Found a snail-covered altar of Cheibriados.
 12232 | D:8      | Killed a death yak
 12516 | Lair:1   | Entered Level 1 of the Lair of Beasts
 12662 | Lair:1   | Received a gift from Okawaru
 12663 | Lair:1   | Reached skill level 11 in Armour
 12933 | Lair:1   | HP: 42/97 [komodo dragon (22)]
 13105 | Lair:1   | Reached skill level 7 in Fighting
 13152 | Lair:1   | Reached skill level 13 in Unarmed Combat
 13275 | Lair:1   | Reached skill level 6 in Invocations
 13514 | Lair:1   | You are sucked into a shaft and drop 1 floor!
 14188 | Lair:2   | HP: 46/101 [yak (10)]
 14358 | Lair:2   | HP: 40/101 [black mamba (11)]
 14363 | Lair:2   | HP: 35/101 [poisoned by a black mamba]
 14364 | Lair:2   | HP: 6/101 [black mamba (14)]
 14365 | Lair:2   | HP: 1/101 [black mamba (13)]
 14370 | Lair:2   | HP: 10/101 [black mamba (2)]
 14603 | Lair:2   | HP: 46/101 [wolf (8)]
 14608 | Lair:2   | HP: 44/101 [wolf (4)]
 14615 | Lair:2   | HP: 35/101 [wolf (4)]
 14617 | Lair:2   | Reached skill level 7 in Invocations
 14621 | Lair:2   | HP: 24/101 [wolf (3)]
 14629 | Lair:2   | Reached XP level 13. HP: 28/107 MP: 18/18
 15071 | Lair:2   | HP: 52/107 [catoblepas (27)]
 15079 | Lair:2   | Received a gift from Okawaru
 15080 | Lair:2   | Reached skill level 8 in Fighting
 15483 | Lair:1   | Noticed Urug
 15745 | Lair:1   | HP: 50/107 [yak (12)]
 15751 | Lair:1   | HP: 44/107 [yak (6)]
 15966 | Lair:1   | HP: 45/107 [cane toad (9)]
 16299 | Lair:1   | Killed Urug
 16830 | Lair:3   | Found a hole to the Spider Nest.
 17023 | Lair:3   | Noticed Fannar
 17118 | Lair:2   | HP: 53/108 [ice beast[Fannar] (4)]
 17120 | Lair:2   | Killed Fannar
 17316 | Lair:3   | Noticed Zenwuu's ghost (adept TeAE)
 17316 | Lair:3   | Found a runed translucent gate.
 17316 | Lair:3   | Found a runed translucent gate.
 17316 | Lair:3   | Found a runed translucent gate.
 17340 | Lair:3   | Reached skill level 8 in Invocations
 17689 | Lair:3   | Found a staircase to the Shoals.
 17707 | Lair:3   | HP: 48/108 [merfolk/+0 trident (13)]
 17710 | Lair:3   | HP: 21/108 [merfolk/+0 trident (10)]
 17712 | Lair:3   | HP: 9/108 [merfolk/+0 trident (7)]
 17717 | Lair:3   | HP: 17/108 [merfolk/+0 trident (1)]
 17720 | Lair:3   | HP: 5/110 [merfolk/+0 trident (7)]
 17985 | Lair:3   | Received a gift from Okawaru
 18330 | Lair:3   | HP: 55/110 [death yak (17)]
 18572 | Lair:3   | Reached skill level 9 in Fighting
 18572 | Lair:3   | Reached skill level 14 in Unarmed Combat
 19497 | Lair:2   | HP: 50/111 [death yak (14)]
 19689 | Lair:2   | HP: 39/111 [death yak (23)]
 19694 | Lair:2   | HP: 25/166 [death yak (16)]
 20089 | Lair:3   | Reached skill level 9 in Invocations
 20089 | Lair:3   | Reached skill level 8 in Shapeshifting
 20596 | Lair:4   | Received a gift from Okawaru
 21043 | Lair:3   | HP: 55/111 [six-headed hydra (6)]
 21046 | Lair:3   | Reached skill level 9 in Shapeshifting
 22023 | Lair:4   | Found a viscous altar of Jiyva.
 22023 | Lair:4   | Found a staircase to the Slime Pits.
 22167 | Lair:4   | Found a runed translucent door.
 22191 | Lair:4   | Noticed a dire elephant
 22311 | Lair:4   | Reached XP level 14. HP: 97/118 MP: 17/20
 22331 | Lair:4   | Reached skill level 10 in Shapeshifting
 22611 | Lair:5   | Entered Level 5 of the Lair of Beasts
 22699 | Lair:5   | Received a gift from Okawaru
 22829 | Lair:5   | HP: 58/118 [skyshark (3)]
 22832 | Lair:5   | HP: 26/118 [skyshark (7)]
 22838 | Lair:5   | HP: 48/118 [skyshark (1)]
 23468 | Lair:5   | HP: 50/118 [goliath frog (18)]
 23788 | Lair:5   | HP: 59/118 [komodo dragon (15)]
 23946 | Lair:5   | Reached skill level 11 in Shapeshifting
 24345 | Lair:4   | HP: 51/118 [tyrant leech (25)]
 24350 | Lair:4   | HP: 40/118 [tyrant leech (13)]
 24709 | Lair:5   | Received a gift from Okawaru
 24840 | Lair:5   | HP: 59/118 [poisoned by a water moccasin]
 25690 | D:10     | HP: 53/118 [two-headed ogre/+0 giant spiked club (15)]
 25692 | D:10     | Reached skill level 1 in Shields
 26069 | D:10     | Reached skill level 2 in Shields
 26341 | D:11     | Reached skill level 3 in Shields
 26833 | D:12     | Reached skill level 4 in Shields
 27115 | D:12     | Reached skill level 5 in Shields
 27679 | D:12     | Identified a scroll of acquirement
 27909 | D:12     | Received a gift from Okawaru
 27910 | D:12     | Reached skill level 6 in Shields
 28445 | D:12     | Noticed Frances
 28511 | D:12     | Killed Frances
 28765 | D:13     | Reached skill level 7 in Shields
 28769 | D:13     | HP: 52/111 [burnt (11)]
 28774 | D:13     | HP: 29/111 [burnt (5)]
 29014 | D:13     | Noticed Sonja
 29015 | D:13     | Sonja changed into Sonja the human
 29015 | D:13     | Noticed Sonja
 29022 | D:13     | Killed Sonja the human
 29116 | D:13     | Noticed Nessos
 29129 | D:13     | HP: 55/114 [Nessos/arrow (4)]
 29132 | D:13     | HP: 26/114 [poisoned by Nessos]
 29135 | D:13     | Killed Nessos
 29602 | D:13     | Reached skill level 8 in Shields
 29850 | D:13     | Found a gate to the Vaults.
 29911 | D:13     | HP: 55/118 [basilisk (11)]
 30107 | D:13     | Reached XP level 15. HP: 96/125 MP: 21/21
 30752 | D:14     | Found Codel's Vocational Training.
 30775 | D:14     | Reached skill level 9 in Shields
 31102 | D:14     | Found a sparkling altar of Nemelex Xobeh.
 31158 | D:14     | Found Wutucler's Magic Scroll Shop.
 31272 | Orc:1    | Entered Level 1 of the Orcish Mines
 31304 | Orc:1    | Found Xoqog's Book Boutique.
 31469 | Orc:1    | Found Micraikh's Gadget Gallery.
 31684 | Orc:1    | HP: 38/126 [kobold blastminer/iron shot (38)]
 31904 | Orc:1    | Found a roughly hewn altar of Beogh.
 32084 | Orc:2    | Entered Level 2 of the Orcish Mines
 32084 | Orc:2    | Found a staircase to the Elven Halls.
 32162 | Orc:2    | Received a gift from Okawaru
 32210 | Orc:2    | Found a roughly hewn altar of Beogh.
 32288 | Orc:2    | Found Meshrot's General Store.
 32295 | Orc:2    | Bought a scroll of blinking for 105 gold pieces
 32466 | Orc:2    | Reached skill level 10 in Fighting
 32677 | Orc:2    | Noticed Rupert
 32900 | D:15     | Entered Level 15 of the Dungeon
 33198 | D:15     | Reached skill level 10 in Shields
 33596 | D:15     | Reached skill level 15 in Unarmed Combat
 33952 | D:15     | Found a runed translucent gate.
 33952 | D:15     | Found a runed translucent gate.
 33954 | D:15     | Noticed osoart's ghost (journeyman DrSh)
 33955 | D:15     | Found a runed translucent gate.
 33971 | D:15     | Reached ****** piety under Okawaru
 33972 | D:15     | Reached skill level 11 in Shields
 34070 | D:15     | Found a staircase to the Depths.
 34070 | D:15     | Noticed a frost giant
 34078 | D:15     | Killed a frost giant
 34078 | D:15     | Received a gift from Okawaru
 34445 | Spider:1 | Entered Level 1 of the Spider Nest
 34583 | Spider:1 | HP: 58/126 [demonic crawler (12)]
 34588 | Spider:1 | HP: 46/126 [poisoned by a redback]
 34593 | Spider:1 | HP: 39/126 [poisoned by a redback]
 35639 | Spider:1 | Received a gift from Okawaru
 35648 | Spider:1 | Reached skill level 12 in Shields
 35654 | Spider:1 | HP: 61/126 [wolf spider simulacrum (8)]
 35654 | Spider:1 | HP: 29/126 [wolf spider simulacrum (32)]
 35666 | Spider:1 | HP: 20/126 [culicivora (14)]
 35671 | Spider:1 | HP: 17/126 [culicivora (7)]
 35676 | Spider:1 | Mangled by a culicivora

Illustrated notes

Levels and vault maps discovered:
D:1:      minmay_arrival_stair_chambers, layout_basic, serial_shops, shop,
          ebering_ecumenical_altar_ruins, minmay_small_reverse_x
D:2:      minmay_chambers_of_twos, layout_rooms, dk_noncrumbling_2,
          hangedman_decor_push, nicolae_eternal_life, nrook_campfire,
          amcnicky_mini_pool_small
D:3:      minmay_door_path, layout_loops_cross, mainiacjoe_overflow_two_lobes,
          minmay_misc_feat_enclosed, nrook_loot_triangle
D:4:      layout_rooms, nicolae_overflow_macrodata_refinement
D:5:      layout_cave_pools, lemuel_tele_altar, serial_shops, shop_statue,
          guppyfry_early_orc_mine, uniq_menkaure
D:6:      layout_basic, gammafunk_ghost_cemetery, nicolae_shop_overcharged_wands
D:7:      layout_basic, pdpol_temple_overflow_zin_treasury_gozag_greed,
          lemuel_coloured_pillars_altar, temple_pool_b, serial_shops,
          nicolae_shop_hallway_plus, shop, shop
D:8:      layout_gridville, mainiacjoe_overflow_catwalk, kennysheep_slug_shrine,
          dpeg_lair_monsters, uniq_maggie
D:9:      layout_cave_pods, kennysheep_mini, nicolae_ru_the_path_less_chosen,
          mainiacjoe_overflow_small_starburst, nzn_ghost_randoct, serial_glass,
          glass_columns_c, glass_columns_a, minmay_crystal_water,
          hangedman_decor_slide_cut, minmay_strange_pillars
D:10:     layout_roguey, worldfamousw_hep_ancestral_shrine, david_orc_1_choice,
          ebering_ghost_funeral_grove, enter_bailey_5, serial_shops,
          nicolae_shop_drivethru, nicolae_shop_tiny_real_fake_doors, shop,
          serial_undead, serial_undead_c, serial_undead_b, serial_undead_d,
          serial_undead_a, serial_undead_f, serial_undead_b, enter_trove_3,
          chequers_serial_rivers_small_b, nicolae_shop_clearance
D:11:     layout_small_grid
D:12:     layout_gridville, uniq_frances
D:13:     layout_irregular_city, lightli_vaults_fourway_checkpoint,
          serial_rivers, chequers_serial_rivers_large_b,
          chequers_serial_rivers_small_b, chequers_serial_rivers_micro_d,
          chequers_serial_rivers_micro_d, chequers_serial_rivers_small_a,
          uniq_sonja, uniq_nessos
D:14:     layout_cave_pools, nemelex_diamond_rough_becter, serial_shops,
          nicolae_shop_rolled_up, nicolae_shop_vocational
D:15:     grunt_enter_depths_snipers, layout_gridville,
          ebering_ghost_rock_garden, hangedman_decor_lopped
Lair:1:   layout_roguey, uniq_urug
Lair:2:   layout_loops_ring, grunt_megastairs_2
Lair:3:   layout_cellular_growth, elwin_shoals_entry_stream,
          spider_nest_entry_web_field, gammafunk_ghost_hydra_chop,
          infiniplex_staircase_pool, uniq_fannar
Lair:4:   gammafunk_lair_enchanted_lake, layout_hall_layers,
          dpeg_slime_entry_enclosed, special_room [special_room_bee],
          guppyfry_lair_drakes
Lair:5:   minmay_lair_end_frog_pond, layout_gridlike
Spider:1: layout_chambers
Orc:1:    layout_caves, serial_shops, nicolae_square_shop, basic_altar,
          statue_in_the_mist_lemuel, nicolae_shop_gadgets
Orc:2:    st_orc_rangers, layout_caves, serial_shops,
          nicolae_shop_just_a_little_nook, david_defended_altar_orc, uniq_rupert

Skill      XL: |  1  2  3  4  5  6  7  8  9 10 11 12 13 14 15 |
---------------+----------------------------------------------+-----
Unarmed Combat | 3 4 5 6 7 8 9 10 11 12 13 14 15 | 15.7
Armour         | 2 5 8 10 11 | 11.0
Shapeshifting  | 3 4 6 7 9 11 | 11.5
Invocations    | 4 7 9 |  9.0
Fighting       | 5 7 9 10 | 10.0
Shields        | 8 12 | 12.0
Dodging        | |  1.3

Action                     |  1- 3 |  4- 6 |  7- 9 | 10-12 | 13-15 || total
---------------------------+-------+-------+-------+-------+-------++-------
  Melee: Unarmed           |    89 |   145 |   175 |   704 |  1703 ||  2816
         Tailslap          |     5 |    12 |    41 |   112 |   337 ||   507
         Punch             |     1 |     3 |     6 |    61 |    79 ||   150
         Dagger            |       |       |    74 |       |       ||    74
         Maw               |       |       |       |       |     8 ||     8
  Throw: Dart              |       |     6 |     6 |    31 |    96 ||   139
 Invoke: Heroism           |       |       |       |     7 |    13 ||    20
         Finesse           |       |       |       |       |     3 ||     3
Ability: Begin Untransform |       |     1 |       |       |       ||     1
  Evoke: Wand              |       |     4 |    11 |     5 |    24 ||    44
    Use: Potion            |     1 |       |       |     7 |     9 ||    17
         Scroll            |       |       |       |     8 |    17 ||    25
   Stab: Held in net/web   |       |       |       |       |     1 ||     1
         Distracted        |       |       |       |       |     1 ||     1
 Armour: Chain mail        |    62 |    51 |       |       |       ||   113
         Animal skin       |     1 |       |       |       |       ||     1
         Skin              |     3 |       |       |       |    19 ||    22
         Scale mail        |       |    36 |   243 |   356 |   673 ||  1308
         Swamp dragon scal |       |       |       |   190 |   677 ||   867
  Dodge: Dodged            |    19 |    39 |    84 |   236 |   443 ||   821
         Repelled          |     3 |       |     5 |     1 |     8 ||    17
  Block: Kite shield       |       |       |       |       |   307 ||   307
         Tower shield      |       |       |       |       |   328 ||   328
   Form: Blade             |       |       |       |       |     2 ||     2
         Maw               |       |       |       |       |     2 ||     2
                           |       |       |       |       |     1 ||     1

Table legend: (Time is in decaauts)
 A = Elapsed time spent in this place.
 B = Non-inter-level travel time spent in this place.
 C = Inter-level travel time spent in this place.
 D = Time resting spent in this place.
 E = Time spent auto-exploring this place.
 F = Levels seen in this place.
 G = Mean time per level.
                   A        B        C        D        E       F      G
               +--------+--------+--------+--------+--------+-----+--------+
         Total |  35139 |  32366 |   2773 |   5971 |  19852 |  24 | 1464.1 |
       Dungeon |  18781 |  17059 |   1722 |   1619 |  11990 |  15 | 1252.1 |
          Lair |  13191 |  12208 |    983 |   3970 |   6280 |   5 | 2638.2 |
   Spider Nest |    972 |    971 |      1 |      5 |    715 |   1 |  972.0 |
  Orcish Mines |   1236 |   1170 |     66 |     49 |    733 |   2 |  618.0 |
        Bailey |    956 |    956 |      0 |    328 |    134 |   1 |  956.0 |
               +--------+--------+--------+--------+--------+-----+--------+

Top non-repeatable levels by time:
  Lair:2: 4109 daAuts
  Lair:3: 2865 daAuts
  Lair:5: 2366 daAuts
  Lair:4: 2211 daAuts
    D:10: 2081 daAuts
     D:9: 1888 daAuts
    D:13: 1759 daAuts
    D:12: 1745 daAuts
  Lair:1: 1638 daAuts
     D:8: 1534 daAuts
    D:15: 1338 daAuts
     D:6: 1157 daAuts
     D:3: 1148 daAuts
     D:7: 1071 daAuts
     D:5: 1023 daAuts
